Map: Orbitaldepot

Players

RiseAgainst - Winner!

  • Race: Terran Terran
  • League: Diamond
  • Spawn Location: 9:00

Panda - Winner!

  • Race: Protoss Protoss
  • League: Diamond
  • Spawn Location: 9:00

EnTRoY - Winner!

  • Race: Protoss Protoss
  • Spawn Location: 7:00

iNverse

  • Race: Protoss Protoss
  • Spawn Location: 1:00

Dia

  • Race: Zerg Zerg
  • Spawn Location: 3:00

Ozim

  • Race: Zerg Zerg
  • League: Silver
  • Spawn Location: 3:00

VOD

Have the link to the VOD?

Description

Time

  • Played on: Sept. 7, 2017, 4:30 p.m.
  • Length: 7:30
Show
View Real Time Build Order
Export as new Build Order

RiseAgainst Terran - Winner!

Build Orders:  

Get SALT Encoding   

  12  0:00  SCV  
  13  0:12  SCV  
  14  0:18  Supply Depot  
  14  0:25  SCV  
  15  0:40  SCV  
  15  0:42  Barracks  
  16  0:52  SCV  
  18  1:04  SCV  
  18  1:09  Command Center  
  18  1:16  SCV  
  19  1:32  SCV  
  20  1:37  Barracks  
  20  1:38  Barracks  
  20  1:39  Supply Depot  
  20  1:42  Barracks  
  20  1:44  SCV  
  21  1:49  Barracks  
  21  1:56  SCV  
  22  2:08  SCV  
  23  2:20  SCV  
  24  2:24  Supply Depot  
  24  2:25  Marine x2  
  26  2:30  Marine, Refinery  
  26  2:32  Orbital Command  
  26  2:35  Marine  
  28  2:42  Marine  
  28  2:43  Marine  
  30  2:48  Marine  
  30  2:53  Marine  
  31  3:00  Marine, SCV  
  31  3:01  Marine  
  34  3:06  Marine  
  34  3:11  Marine  
  36  3:18  Marine  
  36  3:19  Marine  
  38  3:23  Marine  
  39  3:50  Marine  
  39  3:56  Marine x3  
  39  3:57  SCV  
  43  4:03  Command Center  
  40  4:14  Marine x2  
  40  4:15  Marine x2  
  37  4:32  Marine x2  
  37  4:33  Marine  
  37  4:37  Barracks Tech Lab  
  40  4:41  SCV  
  40  4:43  Refinery  
  41  4:51  Marine x2  
  43  4:54  SCV  
  44  5:03  Stimpack  
  44  5:05  Supply Depot  
  44  5:12  SCV  
  45  5:21  Orbital Command  
  44  5:37  Marine x2  
  44  5:38  Marine x2  
  48  5:55  Marine x2  
  48  5:56  Marine x2  
  49  6:11  Factory  
  49  6:13  Marine  
  49  6:17  Marine x3  
  52  6:31  Marine  
  47  6:51  Marine x2  
  47  6:52  Marine x2  
  46  7:07  Factory Reactor, SCV x2  
  48  7:09  Marine x2  
  48  7:10  Starport  
  50  7:20  Barracks Reactor  
Show
View Real Time Build Order
Export as new Build Order

Panda Protoss - Winner!

Build Orders:  

Get SALT Encoding   

  12  0:01  Probe (Chrono Boost)  
  13  0:21  Probe (Chrono Boost), Pylon  
  14  0:31  Probe (Chrono Boost)  
  15  0:44  Probe (Chrono Boost)  
  15  0:49  Gateway  
  16  0:54  Probe (Chrono Boost)  
  17  1:05  Probe (Chrono Boost)  
  18  1:15  Probe (Chrono Boost)  
  19  1:20  Assimilator  
  19  1:26  Probe (Chrono Boost)  
  19  1:28  Pylon  
  20  1:36  Probe (Chrono Boost), Zealot (Chrono Boost)  
  23  1:40  Gateway  
  23  1:45  Gateway  
  23  1:47  Probe  
  24  1:59  Probe  
  24  2:01  Zealot (Chrono Boost)  
  27  2:24  Zealot (Chrono Boost)  
  27  2:25  Gateway  
  29  2:36  Pylon  
  31  2:37  Zealot (Chrono Boost)  
  31  2:41  Pylon  
  31  2:42  Pylon  
  33  2:58  Zealot (Chrono Boost)  
  32  3:14  Zealot (Chrono Boost)  
  32  3:18  Zealot x2 (Chrono Boost)  
  38  3:25  Zealot (Chrono Boost)  
  37  3:45  Zealot (Chrono Boost)  
  43  3:51  Zealot (Chrono Boost)  
  43  3:52  Zealot (Chrono Boost)  
  43  3:53  Zealot (Chrono Boost)  
  45  4:09  Zealot (Chrono Boost)  
  51  4:18  Zealot (Chrono Boost)  
  51  4:19  Zealot (Chrono Boost)  
  51  4:42  Probe  
  52  4:54  Probe  
  53  5:07  Probe  
  54  5:18  Cybernetics Core  
  54  5:19  Probe  
  55  5:36  Pylon x2  
  55  5:38  Pylon  
  55  5:54  Zealot x3 (Chrono Boost)  
  55  5:55  Zealot (Chrono Boost)  
  63  6:22  Forge  
  63  6:23  Assimilator  
  63  6:24  Zealot, Forge  
  63  6:25  Zealot x3  
Show
View Real Time Build Order
Export as new Build Order

EnTRoY Protoss - Winner!

Build Orders:  

Get SALT Encoding   

  12  0:01  Probe (Chrono Boost)  
  13  0:11  Probe (Chrono Boost)  
  14  0:16  Pylon  
  14  0:25  Assimilator  
  14  0:27  Probe (Chrono Boost)  
  15  0:35  Gateway  
  15  0:38  Probe (Chrono Boost)  
  16  0:50  Pylon  
  16  0:51  Pylon  
  16  0:55  Probe (Chrono Boost)  
  17  1:05  Probe (Chrono Boost)  
  17  1:07  Assimilator  
  17  1:11  Pylon  
  18  1:12  Pylon  
  18  1:16  Probe (Chrono Boost)  
  19  1:23  Cybernetics Core  
  19  1:28  Zealot (Chrono Boost)  
  21  1:37  Gateway  
  22  1:40  Probe (Chrono Boost)  
  22  1:52  Gateway  
  22  1:55  Zealot (Chrono Boost)  
  22  1:59  Warp Gate (Chrono Boost)  
  24  2:07  Probe  
  25  2:13  Gateway  
  25  2:19  Zealot (Chrono Boost)  
  29  2:30  Zealot (Chrono Boost)  
  29  2:38  Probe  
  32  2:45  Zealot (Chrono Boost), Pylon  
  28  3:27  Zealot  
  28  3:28  Zealot  
  28  3:32  Probe  
  31  4:29  Zealot x2  
  31  4:30  Sentry x2  
  35  4:56  Stalker  
  35  4:57  Stalker x3  
  35  5:10  Mothership Core  
  33  5:20  Stalker  
  33  5:21  Stalker x3  
  31  5:35  Probe  
  29  5:46  Stalker x2  
  29  5:47  Probe, Stalker x2  
  34  6:05  Robotics Facility  
  27  6:18  Stalker  
  27  6:19  Stalker x3  
  29  7:06  Stalker  
  29  7:07  Stalker x3  
Show
View Real Time Build Order
Export as new Build Order

iNverse Protoss 

Build Orders:  

Get SALT Encoding   

  12  0:00  Probe (Chrono Boost)  
  13  0:11  Probe (Chrono Boost)  
  14  0:22  Probe (Chrono Boost)  
  15  0:32  Pylon  
  15  0:50  Probe (Chrono Boost)  
  15  0:55  Pylon  
  16  1:00  Probe (Chrono Boost)  
  18  1:11  Probe (Chrono Boost)  
  18  1:16  Gateway  
  18  1:18  Gateway  
  18  1:20  Gateway  
  18  1:22  Probe (Chrono Boost)  
  19  1:27  Pylon  
  19  1:33  Probe (Chrono Boost)  
  20  1:49  Gateway  
  20  1:51  Pylon  
  20  1:59  Probe (Chrono Boost)  
  21  2:07  Zealot x2  
  21  2:08  Zealot  
  27  2:10  Probe (Chrono Boost)  
  28  2:34  Zealot x2  
  28  2:35  Zealot  
  34  2:38  Zealot  
  36  2:56  Probe (Chrono Boost)  
  37  3:01  Zealot  
  37  3:02  Zealot x2  
  41  3:13  Zealot  
  41  3:22  Pylon  
  41  3:25  Pylon  
  36  3:28  Zealot  
  36  3:29  Zealot, Pylon  
  36  3:43  Zealot x2  
  34  4:13  Nexus  
  26  4:25  Nexus  
  26  4:26  Cybernetics Core  
  26  4:28  Pylon  
  22  4:32  Pylon  
  22  4:33  Gateway  
  22  4:35  Gateway  
  22  4:39  Assimilator  
  22  4:40  Pylon  
  22  4:43  Assimilator  
  22  4:44  Assimilator  
  22  4:49  Assimilator  
  22  5:11  Probe (Chrono Boost)  
  23  5:22  Probe (Chrono Boost)  
  23  5:26  Probe (Chrono Boost)  
  25  5:32  Probe (Chrono Boost), Warp Gate  
  26  5:37  Probe (Chrono Boost)  
  26  5:45  Twilight Council  
  20  5:53  Gateway  
  20  5:54  Probe (Chrono Boost)  
  20  6:03  Probe (Chrono Boost)  
  21  6:05  Probe (Chrono Boost)  
  21  6:10  Gateway  
  21  6:14  Probe (Chrono Boost)  
  21  6:15  Probe (Chrono Boost)  
  23  6:24  Probe (Chrono Boost)  
  24  6:26  Probe (Chrono Boost)  
  25  6:35  Probe (Chrono Boost)  
  26  7:00  Probe x2 (Chrono Boost)  
  27  7:11  Probe x2 (Chrono Boost)  
Show
View Real Time Build Order
Export as new Build Order

Dia Zerg 

Build Orders: Hatch First 

Get SALT Encoding   

  12  0:01  Drone  
  13  0:08  Drone  
  14  0:43  Drone, Hatchery  
  14  0:47  Extractor  
  13  0:58  Spawning Pool  
  13  1:02  Drone  
  13  1:06  Drone  
  14  1:14  Overlord  
  14  1:33  Drone x2  
  16  1:44  Queen  
  18  1:48  Drone x2  
  20  1:58  Metabolic Boost  
  20  2:09  Queen  
  22  2:34  Extractor  
  21  2:41  Drone x5  
  21  2:42  Drone  
  27  2:52  Overlord  
  27  3:01  Overlord  
  27  3:18  Zergling x8  
  27  3:19  Zergling x2  
  32  3:26  Drone  
  33  3:31  Drone x5  
  33  3:32  Drone  
  39  3:34  Lair  
  39  4:12  Overlord x3  
  39  4:15  Extractor x2  
  35  4:44  Drone x5  
  35  4:45  Drone  
  41  4:48  Spire  
  41  4:51  Drone  
  41  4:52  Drone x6  
  44  5:20  Drone x5  
  27  5:41  Zergling x2  
  27  5:42  Zergling x16  
  31  5:54  Queen  
  33  6:01  Zergling x8  
  37  6:05  Zergling x6  
  40  6:26  Zergling x8  
  25  7:05  Mutalisk x6  
Show
View Real Time Build Order
Export as new Build Order

Ozim Zerg 

Build Orders: Pool First 

Get SALT Encoding   

  12  0:01  Drone  
  13  0:09  Drone  
  14  0:17  Overlord  
  14  0:35  Spawning Pool  
  13  0:40  Drone  
  13  0:42  Drone  
  15  0:47  Drone  
  16  0:51  Drone  
  17  1:05  Overlord  
  17  1:10  Extractor  
  16  1:15  Drone  
  17  1:24  Queen  
  19  1:36  Drone  
  19  1:37  Drone  
  21  2:00  Drone x2  
  23  2:07  Hatchery  
  22  2:26  Lair  
  22  2:29  Zergling x6  
  25  2:47  Overlord x3, Roach Warren  
  21  3:23  Zergling x2  
  21  3:24  Queen  
  24  3:27  Queen  
  24  3:28  Roach  
  24  3:29  Roach x2  
  24  3:32  Glial Reconstitution  
  32  3:48  Baneling Nest  
  31  3:50  Extractor, Drone  
  31  3:53  Drone  
  32  3:57  Roach x2  
  36  4:07  Drone  
  37  4:15  Drone  
  38  4:21  Roach x3  
  44  4:33  Baneling x2  
  44  4:35  Zergling x4  
  44  5:21  Roach x3  
  44  5:22  Roach x6  
  56  5:32  Zergling x4  
  56  5:33  Zergling x2  
  50  5:56  Roach  
  51  5:57  Overlord x3  
  47  6:15  Baneling x4  
  39  6:29  Zergling x10  
  39  6:30  Zergling x2  
  39  6:47  Roach  
  39  6:48  Roach  
  36  7:00  Roach x2  
Tags
 
Add a new tag
Caveats
  • Supply blocks, unpowered buildings, or Contaminate may cause inaccurate times.
  • Supply counts are checked every 10 seconds.